 Dungeon Crawl Stone Soup version 0.30-a0-371-gad7725a93e (webtiles) character file.

Game seed: 17589675168173566044

11795 Maxmaps the Martial Artist (level 11, 0/100 HPs)
             Began as a Gnoll Transmuter on Nov 21, 2022.
             Was a Priest of Cheibriados.
             Slain by an acid dragon (3 damage)
             ... on level 11 of the Dungeon.
             The game lasted 00:16:39 (8893 turns).

Maxmaps the Martial Artist (Gnoll Transmuter)       Turns: 8893, Time: 00:16:40

Health: 0/100      AC:  5    Str: 17    XL:     11   Next: 83%
Magic:  19/23      EV: 19    Int: 23    God:    Cheibriados [***...]
Gold:   1898       SH:  0    Dex: 20    Spells: 15/27 levels left

rFire   x . .      SeeInvis .      - Unarmed
rCold   + + +      Faith    .    (shield currently unavailable)
rNeg    . . .      Spirit   .    (body armour currently unavailable)
rPois   +          Reflect  .    (helmet currently unavailable)
rElec   .          Harm     .    (cloak currently unavailable)
rCorr   .          Rampage  .    (gloves currently unavailable)
Will    .....                    (boots currently unavailable)
Stlth   ++++......               i - amulet of regeneration
HPRegen 1.16/turn                q - ring of poison resistance
MPRegen 0.18/turn                h - +4 ring of evasion

@: ice-form, corroded, studying Maces & Flails, very slow
A: freezing attack, amphibious, boosted hp, large, (fangs 1), strong nose,
distributed training
a: End Transformation, Renounce Religion, Bend Time, Temporal Distortion


You were on level 11 of the Dungeon.
You worshipped Cheibriados.
Cheibriados was most pleased with you.
You were a creature of crystalline ice.
You visited 2 branches of the dungeon, and saw 12 of its levels.

You collected 1898 gold pieces.

Inventory:

Hand Weapons
 l - a +2 trident of venom
 t - a +2 whip of electrocution (melded)
Armour
 d - a +2 pair of gloves (melded)
 o - a +0 helmet (melded)
 p - a +1 ring mail (melded)
 N - a +0 pair of boots (melded)
 O - a +0 cloak (melded)
Jewellery
 h - a +4 ring of evasion (right front paw)
 i - an amulet of regeneration (around neck)
 j - an amulet of faith
 q - a ring of poison resistance (left front paw)
 v - a ring of protection from cold
 y - a ring of positive energy
 F - a ring of flight
 J - a +4 ring of slaying
Wands
 a - a wand of quicksilver (13)
 A - a wand of polymorph (20)
 B - a wand of flame (26)
 G - a wand of charming (8)
 K - a wand of mindburst (8)
Scrolls
 f - 2 scrolls of teleportation
 g - a scroll of blinking
 z - 4 scrolls of poison
 C - 2 scrolls of noise
 E - a scroll of fear
 H - a scroll of enchant weapon
 I - 3 scrolls of magic mapping
 L - a scroll of amnesia
Potions
 b - a potion of lignification
 c - a potion of mutation
 e - a potion of resistance
 k - 2 potions of flight
 m - 2 potions of brilliance
 n - a potion of cancellation {unknown}
 r - 6 potions of curing
 s - a potion of berserk rage {unknown}
 u - a potion of haste {unknown}
 w - a potion of degeneration {unknown}
 x - a potion of invisibility {unknown}
 D - 3 potions of might {unknown}
 M - 2 potions of attraction {unknown}


   Skills:
 + Level 7.4 Fighting
 + Level 6.9 Short Blades
 + Level 6.9 Long Blades
 + Level 6.9 Axes
 + Level 9.2 Maces & Flails
 + Level 6.9 Polearms
 + Level 6.9 Staves
 + Level 6.9 Ranged Weapons
 + Level 6.9 Throwing
 + Level 6.9 Armour
 + Level 8.4 Dodging
 + Level 6.9 Stealth
 + Level 6.9 Shields
 + Level 9.6 Unarmed Combat
 + Level 8.6 Spellcasting
 + Level 5.7 Conjurations
 + Level 5.7 Hexes
 + Level 5.7 Summonings
 + Level 5.7 Necromancy
 + Level 5.7 Translocations
 + Level 7.0 Transmutations
 + Level 5.7 Fire Magic
 + Level 5.7 Ice Magic
 + Level 5.7 Air Magic
 + Level 5.7 Earth Magic
 + Level 5.7 Poison Magic
 + Level 7.6 Invocations
 + Level 6.9 Evocations


You had 15 spell levels left.
You knew the following spells:

 Your Spells              Type           Power      Damage    Failure   Level
a - Beastly Appendage     Tmut           84%        N/A       1%          1
b - Spider Form           Tmut/Pois      39%        N/A       1%          3
c - Ice Form              Ice/Tmut       39%        N/A       4%          4
d - Petrify               Tmut/Erth      39%        N/A       4%          4

Your spell library contained the following spells:

 Spells                   Type           Power      Damage    Failure   Level
 Apportation              Tloc           72%        N/A       1%          1
 Necrotise                Necr           100%       1d9       1%          1
 Slow                     Hex            100%       N/A       1%          1
 Summon Small Mammal      Summ           100%       N/A       1%          1
 Static Discharge         Conj/Air       72%        2-5/arc   1%          2
 Wereblood                Tmut           42%        N/A       1%          2
 Call Canine Familiar     Summ           36%        N/A       1%          3
 Confusing Touch          Hex            36%        N/A       1%          3
 Dazzling Flash           Conj/Hex       72%        N/A       1%          3
 Vampiric Draining        Necr           36%        2d8       1%          3
 Vhi's Electric Charge    Tloc/Air       72%        N/A       1%          3
 Iskenderun's Mystic Bla  Conj/Tloc      36%        2d9       6%          4
 Leda's Liquefaction      Hex/Erth       18%        N/A       6%          4
 Agony                    Necr           36%        N/A       17%         5
 Arcjolt                  Conj/Air       18%        1d28      17%         5
 Lightning Bolt           Conj/Air       18%        1d32      17%         5
 Silence                  Hex/Air        18%        N/A       17%         5
 Starburst                Conj/Fire      18%        6d7       67%         6
 Maxwell's Capacitive Co  Air            18%        ∞         100%        8


Dungeon Overview and Level Annotations

Branches:
Dungeon (11/15)            Temple (1/1) D:7            Lair (0/5) D:10
    Orc: D:9-12

Altars:
Ashenzari
Cheibriados
Dithmenos
Elyvilon
Fedhas
Gozag
Hepliaklqana
Kikubaaqudgha
Makhleb
Nemelex Xobeh
Okawaru
Qazlal
Ru
Sif Muna
Trog
Uskayaw
Vehumet
Wu Jian
Xom
Yredelemnul
Zin
The Shining One

Portals:
Trove: D:10 (give +3 gold dragon scales)


Innate Abilities, Weirdness & Mutations

You are a creature of crystalline ice.
You have a powerful freezing melee attack.
You are amphibious.
Your maximum health is increased.
Your armour is entirely melded.
You are incapable of wielding weapons or throwing items.
((You have very sharp teeth.))
Your uncanny sense of smell can sniff out nearby items.
Your experience applies equally to all skills.


Message History

There are monsters nearby!
There are monsters nearby!
There are monsters nearby!
The acid dragon roars!
The komodo dragon hisses angrily.
The acid dragon spits acid at you. The splash of acid hits you!
The acid corrodes you! The komodo dragon bites you.
The acid dragon spits acid at you. The splash of acid hits you!!
Casting: Ice Form (dangerous; 8% risk of failure)
Confirm with . or Enter, or press ? or * to list all spells.
You turn into a creature of crystalline ice.
Your +2 whip of electrocution melds into your body.
Your +0 cloak melds into your body.
Your +0 helmet melds into your body.
Your +2 pair of gloves melds into your body.
Your +0 pair of boots melds into your body.
Your +1 ring mail melds into your body.
Your +2 whip of electrocution stops crackling.
The komodo dragon misses you. The acid dragon bites you!
The acid dragon claws you.
Unknown command.
You completely miss the acid dragon. You punch the acid dragon!
You freeze the acid dragon.
The acid dragon is heavily wounded.
The komodo dragon bites you. The acid dragon completely misses you.
The acid dragon barely misses you.
Unknown command.
You completely miss the acid dragon.
The acid dragon is heavily wounded.
The komodo dragon bites you!
* * * LOW HITPOINT WARNING * * *
The acid dragon completely misses you.
The acid dragon claws you but does no damage.
Unknown command.
You hit the acid dragon but do no damage.
The acid dragon is heavily wounded.
The komodo dragon bites you!!
* * * LOW HITPOINT WARNING * * *
The acid dragon completely misses you. The acid dragon claws you.
You die...

####.....+.......#.....
..........#.......#.....
..........#.......##....
..........#.......##....
..........#.............
..........'.............
..........#.............
..........#.......##....
.......Y..#.......######
###+#.Dl..#........#
#.....#........#
+.....#........#
#.....#........#
#.....########## #.....#
#.....+


You could see a komodo dragon and an acid dragon.

Vanquished Creatures
  Erica (D:8)
  2 two-headed ogres
  A boulder beetle (D:11)
  An ugly thing (D:9)
  2 cyclopes (D:11)
  Joseph (D:7)
  A gargoyle (D:11)
  A komodo dragon (D:10)
  A troll (D:10)
  A hornet (D:8)
  A wraith (D:11)
  2 wyverns
  8 yaks
  A shadow (D:10)
  A water moccasin (D:7)
  An ice beast (D:6)
  3 orc warriors
  2 sky beasts
  A hornet zombie (D:7)
  An ogre (D:5)
  5 centaurs
  A phantom (D:5)
  A kobold brigand (D:7)
  6 bullfrogs
  5 necrophages
  2 wyvern zombies (D:7)
  3 scorpions
  14 wights
  21 killer bees
  4 howler monkeys
  3 centaur zombies (D:7)
  6 orc priests
  2 bullfrog zombies (D:7)
  A gnoll bouda (D:8)
  7 hounds
  2 jellies
  Jessica (D:3)
  4 iguanas
  Terence (D:2)
  3 orc wizards
  3 killer bee zombies (D:7)
  3 howler monkey zombies (D:7)
  5 adders
  10 gnolls
  3 white imps
  3 ufetubi (D:5)
  3 worms
  A dart slug (D:4)
  18 orcs
  6 bats
  7 endoplasms
  4 giant cockroaches
  9 goblins
  6 hobgoblins
  6 jackals
  15 kobolds
  3 quokkas
  7 ball pythons
  5 frilled lizards
  8 rats
250 creatures vanquished.

Vanquished Creatures (others)
  A fungus (D:5)
  4 plants
  6 toadstools (D:5)
  2 withered plants (D:7)
13 creatures vanquished.

Grand Total: 263 creatures vanquished

Notes
Turn   | Place    | Note
-------+----------+-------------------------------------------
     0 | D:1      | Maxmaps the Gnoll Transmuter began the quest for the Orb.
     0 | D:1      | Reached XP level 1. HP: 17/17 MP: 6/6
   100 | D:1      | Reached XP level 2. HP: 13/23 MP: 5/7
   405 | D:1      | Reached skill level 5 in Spellcasting
   405 | D:1      | Reached XP level 3. HP: 25/28 MP: 7/9
   436 | D:1      | Reached skill level 1 in Invocations
   607 | D:1      | Reached skill level 1 in Short Blades
   607 | D:1      | Reached skill level 1 in Long Blades
   607 | D:1      | Reached skill level 1 in Axes
   607 | D:1      | Reached skill level 1 in Maces & Flails
   607 | D:1      | Reached skill level 1 in Polearms
   607 | D:1      | Reached skill level 1 in Staves
   607 | D:1      | Reached skill level 1 in Ranged Weapons
   607 | D:1      | Reached skill level 1 in Throwing
   607 | D:1      | Reached skill level 1 in Armour
   607 | D:1      | Reached skill level 1 in Stealth
   607 | D:1      | Reached skill level 1 in Shields
   607 | D:1      | Reached skill level 1 in Evocations
   611 | D:1      | Learned a level 3 spell: Spider Form
  1074 | D:2      | Noticed Terence
  1081 | D:2      | Killed Terence
  1082 | D:2      | Reached XP level 4. HP: 34/34 MP: 7/11
  1234 | D:2      | Reached skill level 1 in Conjurations
  1234 | D:2      | Reached skill level 1 in Hexes
  1234 | D:2      | Reached skill level 1 in Summonings
  1234 | D:2      | Reached skill level 1 in Necromancy
  1234 | D:2      | Reached skill level 1 in Translocations
  1234 | D:2      | Reached skill level 1 in Fire Magic
  1234 | D:2      | Reached skill level 1 in Ice Magic
  1234 | D:2      | Reached skill level 1 in Air Magic
  1234 | D:2      | Reached skill level 1 in Earth Magic
  1234 | D:2      | Reached skill level 1 in Poison Magic
  1659 | D:3      | Noticed Jessica
  1667 | D:3      | Killed Jessica
  1668 | D:3      | Reached XP level 5. HP: 40/40 MP: 12/12
  1799 | D:3      | Found a burning altar of Makhleb.
  2736 | D:4      | Reached skill level 5 in Dodging
  2736 | D:4      | Reached XP level 6. HP: 30/47 MP: 14/14
  2736 | D:4      | Identified a scroll of acquirement
  2736 | D:4      | Acquired 1190 gold pieces
  2807 | D:4      | Found a bloodstained altar of Trog.
  3168 | D:5      | Entered Level 5 of the Dungeon
  3228 | D:5      | Got Sif Muna's Folio of the Sandy Comitatus
  3257 | D:5      | Reached XP level 7. HP: 52/52 MP: 15/15
  3659 | D:5      | Reached XP level 8. HP: 33/60 MP: 16/16
  3831 | D:5      | Found an ornate altar of the Wu Jian Council.
  3928 | D:6      | Found a stormy altar of Qazlal.
  4006 | D:6      | Found a glowing golden altar of the Shining One.
  4006 | D:6      | Found a glowing silver altar of Zin.
  4007 | D:6      | Found a white marble altar of Elyvilon.
  4437 | D:7      | Reached skill level 5 in Transmutations
  4497 | D:6      | Reached XP level 9. HP: 66/66 MP: 18/18
  4579 | D:6      | Reached skill level 5 in Fighting
  4599 | D:7      | Found a staircase to the Ecumenical Temple.
  4604 | D:7      | Reached skill level 5 in Maces & Flails
  4771 | Temple   | Entered the Ecumenical Temple
  5042 | D:7      | Noticed Joseph
  5092 | D:7      | Reached skill level 5 in Invocations
  5176 | D:6      | Learned a level 4 spell: Ice Form
  5277 | D:7      | Killed Joseph
  5384 | D:7      | Found a broken altar of Ashenzari.
  5504 | D:7      | Reached skill level 5 in Short Blades
  5504 | D:7      | Reached skill level 5 in Long Blades
  5504 | D:7      | Reached skill level 5 in Axes
  5504 | D:7      | Reached skill level 5 in Polearms
  5504 | D:7      | Reached skill level 5 in Staves
  5504 | D:7      | Reached skill level 5 in Ranged Weapons
  5504 | D:7      | Reached skill level 5 in Throwing
  5504 | D:7      | Reached skill level 5 in Armour
  5504 | D:7      | Reached skill level 5 in Stealth
  5504 | D:7      | Reached skill level 5 in Shields
  5504 | D:7      | Reached skill level 5 in Evocations
  5504 | D:7      | Reached XP level 10. HP: 42/76 MP: 20/20
  5611 | D:8      | Found a snail-covered altar of Cheibriados.
  5667 | D:8      | Became a worshipper of Cheibriados the Contemplative
  5690 | D:8      | Noticed Erica
  5706 | D:8      | Killed Erica
  6026 | D:8      | Reached * piety under Cheibriados
  6650 | D:9      | Reached ** piety under Cheibriados
  6659 | D:9      | Noticed a white ugly thing
  6674 | D:9      | Killed a white ugly thing
  6675 | D:9      | Reached skill level 5 in Conjurations
  6675 | D:9      | Reached skill level 5 in Hexes
  6675 | D:9      | Reached skill level 5 in Summonings
  6675 | D:9      | Reached skill level 5 in Necromancy
  6675 | D:9      | Reached skill level 5 in Translocations
  6675 | D:9      | Reached skill level 5 in Fire Magic
  6675 | D:9      | Reached skill level 5 in Ice Magic
  6675 | D:9      | Reached skill level 5 in Air Magic
  6675 | D:9      | Reached skill level 5 in Earth Magic
  6675 | D:9      | Reached skill level 5 in Poison Magic
  6675 | D:9      | Reached XP level 11. HP: 81/83 MP: 18/23
  6815 | D:9      | Noticed a two-headed ogre
  6835 | D:9      | Killed a two-headed ogre
  7076 | D:9      | Found a shimmering blue altar of Sif Muna.
  7507 | D:10     | Entered Level 10 of the Dungeon
  7619 | D:10     | Found a portal to a secret trove of treasure.
  8101 | D:10     | Found a staircase to the Lair.
  8299 | D:10     | Found a faded altar of an unknown god.
  8299 | D:10     | Found a sacrificial altar of Ru.
  8307 | D:10     | Found a shadowy altar of Dithmenos.
  8309 | D:10     | Found a faded altar of an unknown god.
  8311 | D:10     | Found a hide-covered altar of Uskayaw.
  8438 | D:11     | Noticed a cyclops
  8447 | D:11     | Killed a cyclops
  8447 | D:11     | Reached *** piety under Cheibriados
  8517 | D:11     | Noticed a boulder beetle
  8519 | D:11     | Noticed a two-headed ogre
  8534 | D:11     | Killed a boulder beetle
  8536 | D:11     | Killed a two-headed ogre
  8668 | D:11     | Learned a level 4 spell: Petrify
  8823 | D:11     | Noticed a cyclops
  8829 | D:11     | Killed a cyclops
  8893 | D:11     | HP: 3/100 [komodo dragon (21)]
  8893 | D:11     | Slain by an acid dragon

Illustrated notes

Levels and vault maps discovered:
D:1:      grunt_arrival_lava_bath, layout_basic, grunt_decor_mini_mirrors,
          st_stairs_11, nicolae_eternal_life
D:2:      layout_basic, hangedman_decor_lopped, st_stairs_11, uniq_terence
D:3:      layout_basic, nicolae_overflow_hidden_temple, uniq_jessica
D:4:      layout_basic, trog_three_pillars_becter, roderic_lattice_a,
          mrwooster_statue_mirror, nicolae_elevator_lobby_plus
D:5:      layout_rooms, pdpol_wu_jian_five_deadly_venoms,
          minmay_gold_behind_fungi, chequers_serial_rivers_micro_b,
          nrook_pool_corridor, serial_bayou_ford_a, minmay_manual_mares
D:6:      layout_cave_pools, good_gods_mini_temple, overflow_temple_1_default
D:7:      layout_cave_pools, lemuel_doored_altar,
          minmay_temple_entry_mini_moons, serial_undead, serial_undead_f,
          serial_undead_b, serial_undead_a, serial_undead_e, serial_undead_c,
          serial_undead_d, serial_undead_c, uniq_joseph
D:8:      layout_rooms, nicolae_overflow_crystal_walls, uniq_erica
D:9:      layout_long_grid, mainiacjoe_overflow_tiny_flanked
D:10:     layout_roguey, chequers_temple_overflow_minitemple,
          david_lair_shrubbed, nicolae_trove_entry_isolated
D:11:     layout_gridville
Temple:   nicolae_temple_figure_zero

Skill      XL: |  1  2  3  4  5  6  7  8  9 10 11 |
---------------+----------------------------------+-----
Spellcasting   | 5 6 7 8 |  8.6
Invocations    | 1 2 3 4 5 6 7 |  7.6
Short Blades   | 1 2 3 5 6 |  6.9
Long Blades    | 1 2 3 5 6 |  6.9
Axes           | 1 2 3 5 6 |  6.9
Maces & Flails | 1 2 3 4 6 8 9 |  9.2
Polearms       | 1 2 3 5 6 |  6.9
Staves         | 1 2 3 5 6 |  6.9
Ranged Weapons | 1 2 3 5 6 |  6.9
Throwing       | 1 2 3 5 6 |  6.9
Armour         | 1 2 3 5 6 |  6.9
Stealth        | 1 2 3 5 6 |  6.9
Shields        | 1 2 3 5 6 |  6.9
Evocations     | 1 2 3 5 6 |  6.9
Conjurations   | 1 2 3 4 5 |  5.7
Hexes          | 1 2 3 4 5 |  5.7
Summonings     | 1 2 3 4 5 |  5.7
Necromancy     | 1 2 3 4 5 |  5.7
Translocations | 1 2 3 4 5 |  5.7
Fire Magic     | 1 2 3 4 5 |  5.7
Ice Magic      | 1 2 3 4 5 |  5.7
Air Magic      | 1 2 3 4 5 |  5.7
Earth Magic    | 1 2 3 4 5 |  5.7
Poison Magic   | 1 2 3 4 5 |  5.7
Fighting       | 3 4 5 6 7 |  7.4
Transmutations | 4 5 6 7 |  7.0
Dodging        | 5 6 7 8 |  8.4
Unarmed Combat | 7 8 9 |  9.6

Action                   |  1- 3 |  4- 6 |  7- 9 | 10-12 || total
-------------------------+-------+-------+-------+-------++-------
Melee: Unarmed           |   101 |       |     9 |   174 ||   284
       Kick              |    10 |       |       |       ||    10
       Bite              |     6 |    28 |    53 |    41 ||   128
       Headbutt          |     2 |       |       |       ||     2
       Punch             |     1 |     5 |    22 |    18 ||    46
       Trident           |       |    48 |       |       ||    48
       Whip              |       |   193 |   434 |   306 ||   933
 Cast: Beastly Appendage |    11 |       |       |       ||    11
       Spider Form       |     1 |       |       |       ||     1
       Ice Form          |       |       |       |    17 ||    17
  Use: Scroll            |       |     9 |     1 |     9 ||    19
       Potion            |       |       |     3 |     3 ||     6
 Stab: Sleeping          |     4 |     1 |     1 |     3 ||     9
Armor: Robe              |    26 |    11 |       |       ||    37
       Ring mail         |       |   115 |   206 |    74 ||   395
       Skin              |       |       |       |    56 ||    56
Dodge: Dodged            |    73 |   166 |   501 |   417 ||  1157

Table legend: (Time is in decaauts)
 A = Elapsed time spent in this place.
 B = Non-inter-level travel time spent in this place.
 C = Inter-level travel time spent in this place.
 D = Time resting spent in this place.
 E = Time spent auto-exploring this place.
 F = Levels seen in this place.
 G = Mean time per level.
                   A        B        C        D        E       F      G
               +--------+--------+--------+--------+--------+-----+--------+
         Total |   9786 |   9434 |    352 |    782 |   6313 |  12 |  815.5 |
       Dungeon |   9656 |   9313 |    343 |    782 |   6202 |  11 |  877.8 |
        Temple |    129 |    120 |      9 |      0 |    111 |   1 |  129.0 |
               +--------+--------+--------+--------+--------+-----+--------+

Top non-repeatable levels by time:
     D:9: 1346 daAuts
    D:10: 1243 daAuts
     D:8: 936 daAuts
     D:1: 925 daAuts
     D:3: 914 daAuts
     D:7: 830 daAuts
     D:5: 768 daAuts
     D:6: 738 daAuts
     D:2: 680 daAuts
     D:4: 648 daAuts
    D:11: 623 daAuts
  Temple: 129 daAuts
